 Dungeon Crawl Stone Soup version 0.30-a0-585-g93115170b9 (webtiles) character file.

Game seed: 2493657252805841007

56 purpskrrrp the Shooter (level 3, 0/20 HPs)
             Began as a Deep Elf Hunter on Jan 1, 2023.
             Slain by an adder (1 damage)
             ... on level 2 of the Dungeon.
             The game lasted 00:02:12 (746 turns).

purpskrrrp the Shooter (Deep Elf Hunter)             Turns: 746, Time: 00:02:13

Health: 0/20       AC:  3    Str: 14    XL:     3   Next: 69%
Magic:  5/5        EV: 13    Int: 13    God:
Gold:   35         SH:  0    Dex: 20    Spells: 2/2 levels left

rFire   . . .      SeeInvis .    a - +0 shortbow
rCold   . . .      Faith    .    (shield currently unavailable)
rNeg    . . .      Spirit   .    c - +0 leather armour
rPois   .          Reflect  .    i - +0 hat
rElec   .          Harm     .    (no cloak)
rCorr   .          Rampage  .    (no gloves)
Will    .....                    (no boots)
Stlth   ++                       (no amulet)
HPRegen 0.23/turn                j - +6 ring of strength
MPRegen 0.09/turn                (no ring)

@: brilliant, lethally poisoned (0 -> -8), flying
A: no striking features
a: no special abilities


You were on level 2 of the Dungeon.
You visited 1 branch of the dungeon, and saw 2 of its levels.

You collected 35 gold pieces.

Inventory:

Hand Weapons
 a - a +0 shortbow (weapon)
Armour
 c - a +0 leather armour (worn)
 i - a +0 hat (worn)
Jewellery
 j - a +6 ring of strength (left hand)
Scrolls
 b - a scroll of immolation
 k - a scroll of magic mapping
 l - a scroll of identify
Potions
 f - 2 potions of degeneration
 h - a potion of flight


   Skills:
 - Level 1.5 Fighting
 * Level 6.4 Ranged Weapons
 + Level 3.2 Dodging
 + Level 2.4 Stealth


You had 2 spell levels left.
You didn't know any spells.
Your spell library was empty.

Dungeon Overview and Level Annotations

Branches:
Dungeon (2/15)

Altars:


Message History

The arrow barely misses the adder.
The adder bites you. x2
You shoot an arrow. The arrow barely misses the adder.
The arrow closely misses the adder.
The adder misses you.
You shoot an arrow. The arrow closely misses the adder.
The arrow hits the adder!
The adder is severely wounded.
The adder bites you. The adder barely misses you.
It was a potion of brilliance.
You feel clever all of a sudden. The adder bites you but does no damage.
Okay, then.
Okay, then.
As you read the scroll labelled TECWIO VEOSSEE, it crumbles to dust.
The scroll dissolves into smoke.
It was a scroll of fog.
The adder bites you. The adder closely misses you.
You shoot an arrow. The arrow closely misses the adder.
The adder bites you but does no damage. The adder barely misses you.
You shoot an arrow. The arrow hits the adder!
You kill the adder!
The adder bites you.
You are poisoned.
The adder poisons you!
You shoot an arrow.
The arrow hits the adder but does no damage.
The adder is heavily wounded.
* * * LOW HITPOINT WARNING * * *
You feel sick. The adder misses you.
You shoot an arrow.
The arrow hits the adder but does no damage.
The adder is heavily wounded.
* * * LOW HITPOINT WARNING * * *
You feel sick. The adder bites you.
* * * LOW HITPOINT WARNING * * *
You are more poisoned.
The adder poisons you! The adder closely misses you.
You shoot an arrow. The arrow barely misses the adder.
* * * LOW HITPOINT WARNING * * *
You feel very sick. The adder barely misses you. The adder bites you.
You die...

# ### ... ..#
#...###### #.#
#....§§§§# #.#
#...#§##S# #.# ... #.
#@# #.# # #.##§## #.#
#.#§§.# ###.###
#.#...# #.....#######
#.#.).###.###.##.....
#.##......# #....####
#..###.###.####
#.....# #>....#
####.## ###)###


You could see an adder.

Vanquished Creatures
  An adder (D:2)
  5 ball pythons
  3 endoplasms
  A giant cockroach (D:1)
  2 goblins
  3 hobgoblins (D:1)
  7 jackals (D:1)
  4 quokkas
  3 bats (D:1)
  3 frilled lizards
  7 kobolds
  3 rats
42 creatures vanquished.

Notes
Turn   | Place    | Note
-------+----------+-------------------------------------------
     0 | D:1      | purpskrrrp the Deep Elf Hunter began the quest for the Orb.
     0 | D:1      | Reached XP level 1. HP: 12/12 MP: 3/3
    49 | D:1      | Reached XP level 2. HP: 14/16 MP: 4/4
   258 | D:1      | Reached skill level 6 in Ranged Weapons
   400 | D:1      | Reached XP level 3. HP: 20/20 MP: 5/5
   478 | D:1      | Found a faded altar of an unknown god.
   746 | D:2      | HP: 1/20 [poisoned by an adder]
   746 | D:2      | Slain by an adder

Illustrated notes

Levels and vault maps discovered:
D:1:      dpeg_arrival_simpleton_b, layout_basic,
          dreamdust_ecumenical_altar_angels_and_demons,
          chequers_serial_rivers_micro_c, minmay_misc_feat_encased
D:2:      layout_loops_ring, basic_altar

Skill      XL: |  1  2 |
---------------+-------+-----
Ranged Weapons | 6 |  6.4
Stealth        | 2 |  2.4
Dodging        | 3 |  3.2
Fighting       | |  1.5

Action                   || total
-------------------------++-------
 Fire: Shortbow          ||   102
  Use: Scroll            ||     5
       Potion            ||     3
Armor: Leather armour    ||    20
Dodge: Dodged            ||    48

Table legend: (Time is in decaauts)
 A = Elapsed time spent in this place.
 B = Non-inter-level travel time spent in this place.
 C = Inter-level travel time spent in this place.
 D = Time resting spent in this place.
 E = Time spent auto-exploring this place.
 F = Levels seen in this place.
 G = Mean time per level.
                   A        B        C        D        E       F      G
               +--------+--------+--------+--------+--------+-----+--------+
         Total |    770 |    729 |     41 |     34 |    488 |   2 |  385.0 |
       Dungeon |    770 |    729 |     41 |     34 |    488 |   2 |  385.0 |
               +--------+--------+--------+--------+--------+-----+--------+

Top non-repeatable levels by time:
     D:1: 605 daAuts
     D:2: 165 daAuts
